 Dungeon Crawl Stone Soup version 0.31-a0-986-g5e6e4ef867 (webtiles) character file.

Game seed: 14878408867277734407

1121 bmb222 the Grappler (level 8, -5/72 HPs)
             Began as an Octopode Shapeshifter on Nov 24, 2023.
             Was an Initiate of Gozag.
             Slain by an ice beast (14 damage)
             ... on level 6 of the Dungeon.
             The game lasted 00:06:57 (4839 turns).

bmb222 the Grappler (Octopode Shapeshifter)         Turns: 4839, Time: 00:06:58

Health: -5/72      AC: 24    Str: 15    XL:     8   Next: 34%
Magic:  8/8        EV:  2    Int: 12    God:    Gozag
Gold:   286        SH:  0    Dex: 12    Spells: 7/7 levels left

rFire   . .          .
                       - Unarmed
rCold   . . .        (no shield)
rNeg    . . .        (helmet currently unavailable)
rPois   +            i - amulet of the acrobat
rElec   .            (no ring)
rCorr   .            (no ring)
SInv    .            (no ring)
Will    .....        (no ring)
Stlth   +++          (no ring)
HPRegen 0.32/turn    (no ring)
MPRegen 0.11/turn    (no ring)
                     (no ring)

%: acrobat
@: tree-form, gold aura
A: stationary, stasis, torment immunity, boosted hp, almost no armour,
(amphibious), 8 rings, (camouflage 1), (gelatinous body 1), (nimble swimmer 1),
(tentacles)
a: Renounce Religion, Potion Petition, Call Merchant, Bribe Branch


You were on level 6 of the Dungeon.
You worshipped Gozag.
Gozag was aware of your devotion.
You were a tree.
You visited 2 branches of the dungeon, and saw 7 of its levels.

You collected 403 gold pieces.
You paid 117 gold pieces to Gozag.

Inventory:

Hand Weapons
 s - the +1 whip of Regicide {flame, rN+ rCorr Str+4}
   (You found it on level 4 of the Dungeon)

   Str+4:     It affects your strength (+4).
   rN+:       It protects you from negative energy.
   rCorr:     It protects you from acid and corrosion.
Jewellery
 i - an amulet of the acrobat (around neck)
 n - an amulet of magic regeneration
Talismans
 b - a beast talisman
 c - a flux talisman
 j - a blade talisman
Wands
 q - a wand of acid (7)
 r - a wand of charming (9)
Scrolls
 g - 3 scrolls of enchant armour
 h - 3 scrolls of immolation
 o - 2 scrolls of identify
 p - a scroll of fear {unknown}
Potions
 d - a potion of curing {unknown}
 e - a potion of enlightenment {unknown}
 f - a potion of experience {unknown}
 l - a potion of degeneration {unknown}
 m - a potion of cancellation {unknown}


   Skills:
 + Level 1.5 Fighting
 * Level 3.6 Dodging
 - Level 5.0 Stealth
 * Level 8.3 Unarmed Combat
 * Level 3.9 Shapeshifting


You had 7 spell levels left.
You didn't know any spells.
Your spell library contained the following spells:

 Spells                   Type           Power      Damage    Failure   Level
 Blink                    Tloc           0%         N/A       45%         2
 Cigotuvi's Dreadful Rot  Necr/Pois/Air  0%         N/A       45%         2
 Lesser Beckoning         Tloc           0%         N/A       45%         2
 Momentum Strike          Conj/Tloc      0%         3d8       45%         2
 Ignite Poison            Fire/Tmut/Pois 0%         N/A       69%         3
 Tukima's Dance           Hex            0%         N/A       69%         3
 Passage of Golubria      Tloc           0%         N/A       97%         4
 Freezing Cloud           Conj/Ice/Air   0%         6-21      100%        5
 Yara's Violent Unravell  Hex/Tmut       0%         3d3       100%        5


Dungeon Overview and Level Annotations

Branches:
Dungeon (6/15)             Temple (1/1) D:5

Altars:
Ashenzari
Cheibriados
Dithmenos
Elyvilon
Fedhas
Gozag
Hepliaklqana
Kikubaaqudgha
Makhleb
Nemelex Xobeh
Okawaru
Qazlal
Ru
Sif Muna
Trog
Uskayaw
Vehumet
Wu Jian
Xom
Yredelemnul
Zin
The Shining One


Innate Abilities, Weirdness & Mutations

You are a tree.
Your roots penetrate the ground, keeping you stationary.
You cannot be teleported.
You are immune to unholy pain and torment.
Your maximum health is greatly increased.
You cannot wear most types of armour.
((You are amphibious.))
You can wear up to eight rings at the same time.
((Your skin changes colour to match your surroundings (Stealth+).))
((Your rubbery body absorbs attacks. (AC +1, EV +1)))
((You are camouflaged when in or above water. (Stealth+)))
((You have tentacles for arms and can constrict up to eight enemies at once.))


Message History

The ice beast attacks as it pursues you!
The ice beast closely misses you.
There is a stone staircase leading up, spattered with blood here.
Okay, then.
As you read the scroll of teleportation, it crumbles to dust.
You feel strangely unstable.
Dowan is distracted by your dazzling golden aura.
A shadow imp comes into view.
The ice beast hits you. The ice beast freezes you!
* * * LOW HITPOINT WARNING * * *
Dowan shouts!
Your transformation has ended.
You turn into a tree.
Your roots penetrate the ground.
You feel strangely stable.
The ice beast hits you but does no damage.
The ice beast hits you but does no damage.
The ice beast hits you but does no damage.
The howler monkey howls!
You hit Dowan.
Dowan is no longer distracted by gold.
Your punch misses Dowan.
Dowan is lightly wounded.
You hear a shout! x4
Dowan hits you but does no damage.
The ice beast hits you but does no damage.
Dowan completely misses you.
You smack Dowan!
You punch Dowan.
Dowan is almost dead.
Dowan hits you with a +0 dagger.
* * * LOW HITPOINT WARNING * * *
The phantom hits you but does no damage.
The ice beast hits you but does no damage.
An iguana comes into view.
The iguana hisses angrily.
You smack Dowan!
You kill Dowan!
The phantom hits you but does no damage.
The ice beast hits you.
* * * LOW HITPOINT WARNING * * *
The ice beast freezes you!
You die...
Your body crumbles into a pile of gold.

#.P.P......## ##
#............ ..
#....?...... ..
###.......# #.
#.......######.#####
#..................#
#..h...............#
#..................'
#..♣.............†.#
#.W5Y...##..####..##
#.......# ..####..##
#........#........##
#........#..........
#.......>#..........
#........#..........
#.....?.##...###+###
#.......# ... #


You could see an ice beast, a phantom, a howler monkey and a shadow imp.

Vanquished Creatures
  Duvessa (D:6)
  An ogre (D:4)
  2 phantoms
  3 scorpions
  Dowan (D:6)
  2 howler monkeys
  2 jellies (D:5)
  4 hounds
  An orc priest (D:4)
  A sleepcap (D:4)
  3 iguanas
  2 orc wizards
  A gnoll (D:1)
  6 adders
  A shadow imp (D:6)
  A white imp (D:5)
  2 ufetubi (D:5)
  2 worms
  A dart slug (D:4)
  5 orcs
  3 endoplasms
  A giant cockroach (D:4)
  4 goblins
  9 hobgoblins
  3 jackals (D:1)
  A kobold (D:1)
  5 quokkas
  6 ball pythons
  2 bats
  2 frilled lizards
  7 rats
85 creatures vanquished.

Notes
Turn   | Place    | Note
-------+----------+-------------------------------------------
     0 | D:1      | bmb222 the Octopode Shapeshifter began the quest for the
                  | Orb.
     0 | D:1      | Reached XP level 1. HP: 13/13 MP: 1/1
   206 | D:1      | Reached XP level 2. HP: 12/18 MP: 2/2
   417 | D:1      | Reached XP level 3. HP: 23/23 MP: 3/3
   564 | D:1      | Reached skill level 4 in Unarmed Combat
   565 | D:1      | Reached skill level 1 in Stealth
  1037 | D:2      | Found a broken altar of Ashenzari.
  1378 | D:2      | Found a faded altar of an unknown god.
  1728 | D:3      | Found a radiant altar of Vehumet.
  1730 | D:3      | Found a sacrificial altar of Ru.
  1736 | D:3      | Reached XP level 4. HP: 28/28 MP: 4/4
  1833 | D:3      | Found a shimmering blue altar of Sif Muna.
  1871 | D:3      | Noticed an ogre
  2227 | D:4      | You fall into a shaft and drop 2 floors!
  2242 | D:6      | Reached skill level 5 in Unarmed Combat
  2242 | D:6      | Reached XP level 5. HP: 29/33 MP: 5/5
  2273 | D:6      | Noticed a phantom
  2287 | D:6      | Reached XP level 6. HP: 37/38 MP: 6/6
  2433 | D:5      | Entered Level 5 of the Dungeon
  2436 | D:5      | Found a glowing silver altar of Zin.
  2458 | D:6      | Found a blossoming altar of Fedhas.
  2463 | D:6      | Noticed Dowan
  2464 | D:6      | Noticed an ice beast
  2465 | D:6      | Noticed Duvessa
  2525 | D:5      | Found a broken altar of Ashenzari.
  2525 | D:5      | Found an ornate altar of the Wu Jian Council.
  2605 | D:5      | Reached skill level 5 in Stealth
  2754 | D:5      | Reached skill level 6 in Unarmed Combat
  2816 | D:5      | Found a staircase to the Ecumenical Temple.
  2846 | Temple   | Entered the Ecumenical Temple
  2872 | Temple   | Became a worshipper of Gozag Ym Sagoz the Greedy
  2917 | D:5      | Reached XP level 7. HP: 43/43 MP: 7/7
  3231 | D:4      | Reached skill level 7 in Unarmed Combat
  4087 | D:4      | Reached XP level 8. HP: 48/48 MP: 8/8
  4087 | D:4      | Identified the +1 whip of Regicide {flame, rN+ rCorr Str+4}
  4787 | D:4      | Reached skill level 8 in Unarmed Combat
  4830 | D:6      | Killed Duvessa
  4839 | D:6      | Killed Dowan
  4839 | D:6      | Slain by an ice beast

Illustrated notes

Levels and vault maps discovered:
D:1:      matt_arrival_spirals, layout_basic, nrook_campfire,
          roderic_malta_cross
D:2:      layout_basic, basic_altar, dreamdust_ecumenical_altar_statues,
          nicolae_concentric_dashed_squares_wild
D:3:      layout_basic, nicolae_sif_muna_condensation,
          nicolae_ru_great_annihilating_truth, fiery_altar_vehumet,
          kennysheep_generic_room_3
D:4:      layout_loops_corners, grunt_decor_mini_mirrors
D:5:      layout_rooms, gammafunk_temple_overflow_elements,
          nicolae_overflow_hidden_temple, minmay_temple_entry_enclosed_plants,
          water_boxes_lemuel
D:6:      minmay_diamond_boxcup, layout_gridville, fedhas_altar_1, uniq_duvessa,
          uniq_grinder
Temple:   eino_wide_crystal_templ

Skill      XL: |  1  2  3  4  5  6  7  8 |
---------------+-------------------------+-----
Unarmed Combat | 4 5 6 7 8 |  8.3
Stealth        | 1 2 3 5 |  5.0
Dodging        | 3 |  3.6
Fighting       | |  1.5
Shapeshifting  | |  3.9

Action                     |  1- 3 |  4- 6 |  7- 9 || total
---------------------------+-------+-------+-------++-------
  Melee: Unarmed           |    61 |    52 |    85 ||   198
         Constrict         |    12 |    14 |    18 ||    44
         Tentacles         |     8 |    16 |    15 ||    39
         Punch             |     1 |     2 |     6 ||     9
    Use: Scroll            |       |     3 |     1 ||     4
         Potion            |       |       |     1 ||     1
   Stab: Sleeping          |     7 |     8 |     2 ||    17
         Distracted        |       |       |     1 ||     1
 Armour: Skin              |    17 |    20 |    44 ||    81
  Dodge: Dodged            |    26 |    37 |    33 ||    96

Table legend: (Time is in decaauts)
 A = Elapsed time spent in this place.
 B = Non-inter-level travel time spent in this place.
 C = Inter-level travel time spent in this place.
 D = Time resting spent in this place.
 E = Time spent auto-exploring this place.
 F = Levels seen in this place.
 G = Mean time per level.
                   A        B        C        D        E       F      G
               +--------+--------+--------+--------+--------+-----+--------+
         Total |   4819 |   4681 |    138 |    886 |   2878 |   7 |  688.4 |
       Dungeon |   4768 |   4630 |    138 |    886 |   2878 |   6 |  794.7 |
        Temple |     50 |     50 |      0 |      0 |      0 |   1 |   50.0 |
               +--------+--------+--------+--------+--------+-----+--------+

Top non-repeatable levels by time:
     D:4: 1693 daAuts
     D:1: 1031 daAuts
     D:2: 728 daAuts
     D:5: 723 daAuts
     D:3: 358 daAuts
     D:6: 232 daAuts
  Temple: 50 daAuts
